 Dungeon Crawl Stone Soup version 0.30-a0-1018-g25214051b3 (webtiles) character file.

Game seed: 9359816960689648333

191 BlueFish the Sneak (level 5, -1/36 HPs)
             Began as an Octopode Warper on Apr 7, 2023.
             Slain by Ijyb
             ... wielding a +3 dagger of venom
              (8 damage)
             ... on level 3 of the Dungeon.
             The game lasted 00:05:26 (2491 turns).

BlueFish the Sneak (Octopode Warper)                Turns: 2491, Time: 00:05:26

Health: -1/36      AC:  1    Str: 13    XL:     5   Next: 70%
Magic:  8/8        EV: 13    Int: 15    God:
Gold:   153        SH:  0    Dex: 11    Spells: 2/9 levels left

rFire   . . .      SeeInvis +      - Unarmed
rCold   . . .      Faith    .    (no shield)
rNeg    . . .      Spirit   .    (helmet restricted)
rPois   .          Reflect  .    (no amulet)
rElec   .          Rampage  .    f - ring of see invisible
rCorr   .                        (no ring)
Will    .....                    (no ring)
Stlth   +++                      (no ring)
HPRegen 0.26/turn                (no ring)
MPRegen 0.11/turn                (no ring)
                                 (no ring)
                                 (no ring)

@: lethally poisoned (-1 -> -22)
A: almost no armour, amphibious, 8 rings, camouflage 1, gelatinous body 1,
(nimble swimmer 1), tentacles
a: no special abilities


You were on level 3 of the Dungeon.
You visited 1 branch of the dungeon, and saw 3 of its levels.

You collected 153 gold pieces.

Inventory:

Missiles
 b - 7 boomerangs of dispersal
 c - 40 stones (quivered)
Jewellery
 f - a ring of see invisible (left tentacle)
Scrolls
 a - 2 scrolls of blinking
 d - a scroll of teleportation {unknown}
 e - 2 scrolls of magic mapping {unknown}
 h - a scroll of brand weapon {unknown}
 i - a scroll of amnesia
 j - 2 scrolls of identify {unknown}
 l - a scroll of torment {unknown}
 n - a scroll of fear {unknown}
 o - a scroll of vulnerability {unknown}
 q - a scroll of summoning {unknown}
Potions
 g - 2 potions of brilliance {unknown}
 k - a potion of berserk rage {unknown}
 m - a potion of invisibility {unknown}
 p - a potion of degeneration {unknown}


   Skills:
 + Level 2.8 Fighting
 + Level 1.9 Throwing
 + Level 3.0 Dodging
 * Level 3.7 Stealth
 + Level 2.6 Unarmed Combat
 + Level 2.5 Spellcasting
 + Level 3.5 Translocations


You had 2 spell levels left.
You knew the following spells:

 Your Spells              Type           Power      Damage    Failure   Level
a - Blink                 Tloc           24%        N/A       8%          2
b - Lesser Beckoning      Tloc           24%        N/A       8%          2
c - Teleport Other        Tloc           12%        N/A       14%         3

Your spell library contained the following spells:

 Spells                   Type           Power      Damage    Failure   Level
 Vhi's Electric Charge    Tloc/Air       14%        N/A       30%         3
 Manifold Assault         Tloc           12%        N/A       43%         4
 Conjure Ball Lightning   Conj/Air       0%         3x3d6     100%        6
 Dispersal                Tloc           6%         N/A       100%        6
 Discord                  Hex            0%         N/A       100%        8
 Disjunction              Tloc           6%         N/A       100%        8


Dungeon Overview and Level Annotations

Branches:
Dungeon (3/15)

Altars:
Okawaru

Annotations:
D:3 Ijyb


Innate Abilities, Weirdness & Mutations

You cannot wear most types of armour.
You are amphibious.
You can wear up to eight rings at the same time.
Your skin changes colour to match your surroundings (Stealth+).
Your rubbery body absorbs attacks. (AC +1, EV +1)
((You are camouflaged when in or above water. (Stealth+)))
You have tentacles for arms and can constrict up to eight enemies at once.


Message History

Things that are here:
a jackal corpse; a jackal corpse
Found a stone staircase leading up.
q - a scroll labelled ARGHED ISIEZO A frilled lizard comes into view.
Found a dagger.
The frilled lizard hisses angrily.
You miss the frilled lizard. Your grab misses the frilled lizard.
You completely miss the frilled lizard. You grab the frilled lizard.
You tentacle-slap the frilled lizard, but do no damage.
You constrict the frilled lizard.
You kill the frilled lizard!
Ijyb the Twisted Goblin comes into view.
She is wielding a +3 dagger of venom and carrying a wand of iceblast (15).
Found a ring mail.
Ijyb shouts!
Ijyb hits you with a +3 dagger of venom.
You are poisoned.
You tentacle-slap Ijyb but do no damage.
You grab Ijyb. You constrict Ijyb.
You feel sick.
Ijyb hits you with a +3 dagger of venom.
You are more poisoned.
You tentacle-slap Ijyb. You squeeze Ijyb.
Ijyb is moderately wounded.
You constrict Ijyb, but do no damage.
You feel very sick.
Ijyb hits you with a +3 dagger of venom.
You are more poisoned.
You tentacle-slap Ijyb. You squeeze Ijyb.
Ijyb is heavily wounded.
You constrict Ijyb.
You feel very sick.
Ijyb hits you with a +3 dagger of venom.
You are more poisoned.
You tentacle-slap Ijyb but do no damage.
Ijyb is severely wounded.
You constrict Ijyb.
* * * LOW HITPOINT WARNING * * *
You feel very sick.
Ijyb hits you with a +3 dagger of venom!
You die...

# #...#####.###
#.##.......#.## #
#.............#.##...###....##
# ####...####....#......#
##..... #
#....###..###..####...# ##....
###.#.##......##.# ##### #....
..........##.....### ###..
#........## #......# #..
<........####......#
##########.
##........##....@g.#
#.........#
####.##......##...#
#.........# ....###..###..[##
#.......... ####) #### ..###
###########.# ..#
#.........#.# ...
#.........#†# ....
#.........'.# ....
#.........### #............


You could see Ijyb.

Vanquished Creatures
  Jessica (D:3)
  Natasha (twice) (D:3)
  3 adders (D:3)
  A worm (D:2)
  An orc (D:3)
  8 ball pythons
  8 endoplasms
  3 giant cockroaches
  6 goblins
  5 hobgoblins
  13 jackals
  7 kobolds
  5 quokkas
  4 bats
  3 frilled lizards
  5 rats
75 creatures vanquished.

Notes
Turn   | Place    | Note
-------+----------+-------------------------------------------
     0 | D:1      | BlueFish the Octopode Warper began the quest for the Orb.
     0 | D:1      | Reached XP level 1. HP: 14/14 MP: 3/3
   208 | D:1      | Reached skill level 1 in Stealth
   208 | D:1      | Reached XP level 2. HP: 10/19 MP: 5/5
   212 | D:1      | Learned a level 2 spell: Blink
   215 | D:1      | Learned a level 2 spell: Lesser Beckoning
   613 | D:1      | Reached XP level 3. HP: 22/24 MP: 6/6
  1029 | D:2      | Found a faded altar of an unknown god.
  1414 | D:2      | Reached XP level 4. HP: 29/30 MP: 7/7
  1425 | D:2      | Learned a level 3 spell: Teleport Other
  1600 | D:3      | Found an iron altar of Okawaru.
  1638 | D:3      | Noticed Natasha
  1646 | D:3      | Killed Natasha
  1763 | D:3      | Reached XP level 5. HP: 27/35 MP: 8/8
  1823 | D:3      | Noticed Natasha
  1847 | D:3      | Killed Natasha
  1980 | D:3      | Noticed Jessica
  2001 | D:3      | Killed Jessica
  2482 | D:3      | Noticed Ijyb
  2491 | D:3      | Slain by Ijyb

Illustrated notes

Levels and vault maps discovered:
D:1:      matt_arrival_refuge, layout_loops_cross, chequers_jeans,
          nrook_campfire, serial_bayou_pond_c
D:2:      layout_basic, chequers_ecumenical_altar_twisty
D:3:      minmay_spotlight, layout_basic, okawaru_trees_2, minmay_misc_feat_iff,
          uniq_jessica, uniq_ijyb, uniq_natasha, uniq_grinder

Skill      XL: |  1  2  3  4  5 |
---------------+----------------+-----
Stealth        | 1 2 3 |  3.7
Dodging        | 3 |  3.0
Fighting       | |  2.8
Throwing       | |  1.9
Unarmed Combat | |  2.6
Spellcasting   | |  2.5
Translocations | |  3.5

Action                     |  1- 3 |  4- 6 || total
---------------------------+-------+-------++-------
  Melee: Unarmed           |   105 |    69 ||   174
         Constrict         |    28 |    18 ||    46
         Tentacles         |    23 |    22 ||    45
         Punch             |     1 |     6 ||     7
   Cast: Lesser Beckoning  |       |     1 ||     1
    Use: Scroll            |       |     1 ||     1
   Stab: Sleeping          |    13 |     7 ||    20
         Distracted        |       |     1 ||     1
 Armour: Skin              |    14 |     1 ||    15
  Dodge: Dodged            |    66 |    45 ||   111

Table legend: (Time is in decaauts)
 A = Elapsed time spent in this place.
 B = Non-inter-level travel time spent in this place.
 C = Inter-level travel time spent in this place.
 D = Time resting spent in this place.
 E = Time spent auto-exploring this place.
 F = Levels seen in this place.
 G = Mean time per level.
                   A        B        C        D        E       F      G
               +--------+--------+--------+--------+--------+-----+--------+
         Total |   2494 |   2436 |     58 |      0 |   1899 |   3 |  831.3 |
       Dungeon |   2494 |   2436 |     58 |      0 |   1899 |   3 |  831.3 |
               +--------+--------+--------+--------+--------+-----+--------+

Top non-repeatable levels by time:
     D:3: 949 daAuts
     D:1: 859 daAuts
     D:2: 685 daAuts
